 Dungeon Crawl Stone Soup version 0.19-a0-1834-g6b7851e (webtiles) character file.

113 Zhenya24pyc the Skirmisher (level 4, 0/29 HPs)
             Began as a Gargoyle Fighter on Oct 9, 2016.
             Killed by divine providence
             ... invoked by an orc priest
              (15 damage)
             ... on level 3 of the Dungeon.
             The game lasted 00:04:08 (2125 turns).

Zhenya24pyc the Skirmisher (Gargoyle Fighter)       Turns: 2125, Time: 00:04:08

Health: 0/29       AC: 13    Str: 21    XL:     4   Next: 96%
Magic:  4/4        EV:  9    Int:  8    God:
Gold:   169        SH:  0    Dex:  9    Spells: 0 memorised, 3 levels left

rFire  x . .     SeeInvis .     p - +0 battleaxe
rCold  + . .     Gourm    .     b - +0 scale mail
rNeg   + . .     Faith    .     (shield currently unavailable)
rPois  ∞         Spirit   .     q - +0 helmet
rElec  +         Dismiss  .     (no cloak)
rCorr  .         Reflect  .     v - +0 pair of gloves
MR     .....     Harm     .     (no boots)
Stlth  ..........               (no amulet)
                                (no ring)
                                w - ring of ice

@: no status effects
A: negative energy resistance 1, electricity resistance, unbreathing,
petrification resistance, rot immunity, AC +3
a: no special abilities


You were on level 3 of the Dungeon.
You were hungry.

You visited 1 branch of the dungeon, and saw 3 of its levels.

You collected 169 gold pieces.

Inventory:

Hand Weapons
 a - a +0 flail
 p - a +0 battleaxe (weapon)
Armour
 b - a +0 scale mail (worn)
 c - a +0 shield
 q - a +0 helmet (worn)
 v - a +0 pair of gloves (worn)
Jewellery
 w - a ring of ice (left hand)
Wands
 y - a wand of confusion (27/48)
Scrolls
 g - 4 scrolls of identify {unknown}
 h - a scroll of fog {unknown}
 l - 4 scrolls of blinking {unknown}
 o - a scroll of fear {unknown}
 r - 3 scrolls of remove curse {unknown}
 t - a scroll of enchant weapon {unknown}
 u - 2 scrolls of teleportation {unknown}
Potions
 d - a potion of might
 e - a potion of mutation {unknown}
 j - 4 potions of curing {unknown}
 k - a potion of lignification {unknown}
 s - 2 potions of agility {unknown}
Comestibles
 f - 3 bread rations
 i - a slice of pizza
 m - a royal jelly
 n - 2 meat rations
 x - 2 chunks of flesh


   Skills:
 + Level 4.0 Fighting
 * Level 4.0 Maces & Flails
 + Level 4.0 Armour
 - Level 3.2 Shields


You had 3 spell levels left.
You didn't know any spells.

Dungeon Overview and Level Annotations

Branches:
Dungeon (3/15)

Altars:


Innate Abilities, Weirdness & Mutations

You are resistant to torment.
Your stone body is resilient. (AC +3)
You are immune to poison.
You resist negative energy. (rN+)
You are resistant to electric shocks. (rElec)
You can survive without breathing.
You are immune to petrification.
You are immune to rotting.


Message History

You kill the orc!
Your Maces & Flails skill increases to level 4!
You slash the orc!
You kill the orc!
Your Armour skill increases to level 4!
The orc priest calls down the wrath of Beogh upon you.
Beogh smites you!
The orc priest begins to cast a cantrip, but forgets the words!
The orc barely misses you.
You slash the orc!
You kill the orc!
You are feeling hungry.
Things that are here:
a dagger of venom; a whip; an orc corpse You closely miss the orc priest.
The orc priest hits you but does no damage.
The orc priest calls down the wrath of Beogh upon you.
Beogh smites you!
Ouch! That really hurt!
You die...

####........##....#..
#.......##########.##
#.##.##.# #####.....
#.##.##.# #....†#.#.
#.#... .# #.....#.#.
#.##.##.# #.......#.
#.##>##.# #.....###.
#...)...# #.........
#.##@##.# #########.
#.##o# ## #.##o#
#.##.# ###### #.....
...... ####.# ######
#.# #..


You could see an orc priest and an orc.

Vanquished Creatures
  Robin (D:1)
  2 adders
  2 worms (D:2)
  5 dart slugs
  4 leopard geckos
  3 orcs (D:3)
  3 giant cockroaches
  15 goblins
  6 hobgoblins
  A quokka (D:1)
  3 bats
  8 kobolds
  5 rats
58 creatures vanquished.

Notes
Turn   | Place    | Note
-------+----------+-------------------------------------------
     0 | D:1      | Zhenya24pyc the Gargoyle Fighter began the quest for the Orb.
     0 | D:1      | Reached XP level 1. HP: 14/14 MP: 1/1
   244 | D:1      | Reached XP level 2. HP: 17/19 MP: 2/2
   837 | D:2      | Noticed Robin
   848 | D:1      | Reached XP level 3. HP: 23/23 MP: 3/3
  1029 | D:1      | Killed Robin
  1029 | D:1      | Reached XP level 4. HP: 9/29 MP: 4/4
  1688 | D:2      | Found a faded altar of an unknown god.
  2125 | D:3      | Killed from afar by an orc priest

Vault maps used:
D:1:      dpeg_arrival_renting
D:2:      first_bread, ecumenical_altar_2, uniq_robin

Skill      XL: |  1  2  3  4 |
---------------+-------------+-----
Maces & Flails | 3 4 |  4.0
Fighting       | 4 |  4.0
Armour         | 4 |  4.0
Shields        | |  3.2

Action                   |  1- 3 |  4- 6 || total
-------------------------+-------+-------++-------
Melee: Flail             |   149 |    31 ||   180
       Battleaxe         |       |    63 ||    63
  Eat: Chunk             |       |     4 ||     4
Armor: Scale mail        |   125 |    57 ||   182
Dodge: Dodged            |    78 |    46 ||   124
Block: Shield            |   133 |    22 ||   155
